 Dungeon Crawl Stone Soup version 0.28-a0-390-gb254ac4902 (webtiles) character file.

Game seed: 14516134183507110125

4822 Spaninq the Arsonist (level 10, -2/77 HPs)
             Began as a Purple Draconian Fire Elementalist on Sept 3, 2021.
             Was a Believer of Vehumet.
             Slain by Harold (6 damage)
             ... on level 7 of the Dungeon.
             The game lasted 00:42:54 (10616 turns).

Spaninq the Arsonist (DrFE)                        Turns: 10616, Time: 00:42:55

Health: -2/77      AC: 13    Str: 11    XL:     10   Next: 25%
Magic:  15/22      EV: 12    Int: 21    God:    Vehumet [**....]
Gold:   263        SH:  9    Dex: 11    Spells: 18/25 levels left

rFire   + . .      SeeInvis .   t - staff of fire
rCold   . . .      Faith    .   b - +0 buckler
rNeg    . . .      Spirit   .   (armour unavailable)
rPois   +          Reflect  +   (helmet restricted)
rElec   .          Harm     .   u - +0 cloak
rCorr   .          Rampage  .   o - +1 pair of gloves {Stlth+}
Will    +....                   f - +2 pair of boots
Stlth   +++.......              x - amulet "Doigu" {Reflect Fly rPois Int+2 SH+5}
HPRegen 0.22/turn               k - ring of poison resistance
MPRegen 0.18/turn               (no ring)

@: short of breath, marked, flying
A: breathe power, AC +7, unfitting armour, cold-blooded
a: Breathe Dispelling Energy, Renounce Religion


You were on level 7 of the Dungeon.
You worshipped Vehumet.
Vehumet was pleased with you.
You visited 2 branches of the dungeon, and saw 10 of its levels.
You also visited: Sewer.

You collected 428 gold pieces.
You spent 165 gold pieces at shops.

Inventory:

Hand Weapons
 j - a +4 short sword
 r - a +3 hand axe of venom
Missiles
 c - 323 stones
 g - 42 poisoned darts
 l - a throwing net
Armour
 b - a +0 buckler (worn)
 f - a +2 pair of boots (worn)
 o - a +1 pair of gloves of stealth (worn)
 s - a +0 kite shield
 u - a +0 cloak (worn)
Magical Staves
 t - a staff of fire (weapon)
Jewellery
 a - an amulet of reflection
 k - a ring of poison resistance (left hand)
 x - the amulet "Doigu" (around neck) {Reflect Fly rPois Int+2 SH+5}
   (You found it on level 7 of the Dungeon)

   [amulet of reflection]

   It reflects blocked missile attacks.
   Int:       It affects your intelligence (+2).
   rPois:     It protects you from poison.
   Fly:       It grants you flight.
   SH:        It affects your SH (+5).
Wands
 q - a wand of polymorph (16)
 y - a wand of iceblast (16)
Scrolls
 i - 4 scrolls of identify
 p - a scroll of holy word
 w - a scroll of enchant armour {unknown}
 A - a scroll of fear {unknown}
Potions
 d - 2 potions of flight
 h - 2 potions of heal wounds
 m - 6 potions of curing
 n - a potion of ambrosia
 v - a potion of haste
 z - a potion of degeneration {unknown}


   Skills:
 + Level 3.1 Fighting
 - Level 2.0 Dodging
 - Level 1.7 Stealth
 - Level 4.0 Shields
 * Level 8.0 Spellcasting
 * Level 8.7 Conjurations
 * Level 9.3 Fire Magic
 - Level 1.0 Evocations


You had 18 spell levels left.
You knew the following spells:

 Your Spells              Type           Power      Damage    Failure   Level
a - Foxfire               Conj/Fire      100%       2x1d9     1%          1
b - Scorch                Fire           100%       2d10      1%          2
c - Flame Wave            Conj/Fire      62%        3d11      1%          4

Your spell library contained the following spells:

 Spells                   Type           Power      Damage    Failure   Level
 Static Discharge         Conj/Air       26%        N/A       1%          2
 Conjure Flame            Conj/Fire      62%        6-21      1%          3
 Inner Flame              Hex/Fire       41%        N/A       3%          3
 Freeze                   Ice            32%        1d5       8%          1
 Summon Small Mammal      Summ           32%        N/A       8%          1
 Ensorcelled Hibernation  Hex/Ice        16%        N/A       12%         2
 Call Canine Familiar     Summ           8%         N/A       24%         3
 Gell's Gravitas          Tloc           4%         N/A       24%         3
 Lesser Beckoning         Tloc           8%         N/A       24%         3
 Summon Guardian Golem    Hex/Summ       8%         N/A       24%         3
 Teleport Other           Tloc           8%         N/A       24%         3
 Manifold Assault         Tloc           8%         N/A       91%         5
 Metabolic Englaciation   Hex/Ice        4%         N/A       91%         5
 Simulacrum               Ice/Necr       4%         N/A       100%        6


Dungeon Overview and Level Annotations

Branches:
Dungeon (9/15)             Temple (1/1) D:6           Sewer (visited)
   Lair: D:8-11         Orc: D:9-12

Altars:
Ashenzari
Cheibriados
Dithmenos
Elyvilon
Fedhas
Hepliaklqana
Kikubaaqudgha
Makhleb
Nemelex Xobeh
Okawaru
Qazlal
Ru
Sif Muna
Trog
Uskayaw
Vehumet
Wu Jian
Xom
Yredelemnul
Zin
The Shining One

Shops:
D:4 [   D:8 *

Annotations:
D:7 Harold


Innate Abilities, Weirdness & Mutations

You can breathe bolts of dispelling energy.
Your rich purple scales are hard. (AC +7)
You cannot fit into any form of body armour.
You are cold-blooded and may be slowed by cold attacks.


Message History

You become entangled in the net!
You see here a throwing net.
You struggle against the net.
Harold fires a harpoon shot at you. The harpoon shot hits you!
* * * LOW HITPOINT WARNING * * *
You are yanked forward by the harpoon shot.
You see here a throwing net.
There is a stone staircase leading up here.
You block Harold's attack.
You fly upwards.
There is a stone staircase leading down here.
Press: ? - help, Shift-Dir - straight line, f - Harold
Aim: Harold, wielding a +0 scimitar and wearing a +0 ring mail You breathe a bolt of dispelling energy.
The bolt of dispelling energy hits Harold.
Harold is lightly wounded.
You block Harold's attack.
You feel much better. Harold hits you with a +0 scimitar!
* * * LOW HITPOINT WARNING * * *
Casting: Scorch (safe; 1% risk of failure)
Confirm with . or Enter, or press ? or * to list all spells.
You feel a surge of power!
Flames lash Harold.
Harold is lightly wounded.
Harold's fire resistance burns away.
Harold closely misses you.
Casting: Scorch (safe; 1% risk of failure)
Confirm with . or Enter, or press ? or * to list all spells.
Casting: Flame Wave (dangerous; 1% risk of failure)
Press: ? - help, Dir - look around, f - activate You feel a surge of power!
A wave of flame ripples out!
The flame wave engulfs Harold!!!
Harold is burned terribly!
Harold is heavily wounded. (Press . to intensify the flame waves.) Harold hits you with a +0 scimitar!
* * * LOW HITPOINT WARNING * * *
A wave of flame ripples out!
The flame wave engulfs Harold!
Harold is burned terribly!
Harold is severely wounded.
Harold hits you with a +0 scimitar.
You die...

...........................#
........[...............####
#.......................#
#.#.....................#
#.##....................#
#..#.###................#
##.#.# #................#
##...####...............#
................@.......#
##.#######.......@#######
### ##########


You could see Harold (inflammable).

Vanquished Creatures
  12 yaks
  A steam dragon (D:8)
  Duvessa (D:6)
  A hornet zombie (D:6)
  3 orc warriors
  A black bear (D:6)
  3 ogres
  3 centaurs
  A necrophage (D:6)
  A phantom (D:6)
  3 kobold brigands
  3 bullfrogs
  Dowan (D:6)
  2 scorpions
  A wyvern skeleton (D:7)
  6 killer bees
  A howler monkey (D:5)
  A centaur zombie (D:7)
  2 bullfrog zombies
  2 jellies
  A hound (D:4)
  4 orc priests
  A bullfrog skeleton (D:6)
  A centaur skeleton (D:6)
  3 iguanas
  3 orc wizards
  A killer bee zombie (D:7)
  7 gnolls
  6 adders
  A river rat (Sewer)
  3 white imps
  3 worms (D:2)
  6 dart slugs
  21 orcs
  4 ball pythons
  6 endoplasms
  5 giant cockroaches
  5 hobgoblins
  5 jackals
  2 quokkas
  3 bats
  13 frilled lizards
  4 goblins
  21 kobolds
  6 rats
184 creatures vanquished.

Vanquished Creatures (collateral kills)
  A howler monkey (D:5)
1 creature vanquished.

Vanquished Creatures (others)
  230 foxfires
  A fungus (D:9)
  6 plants (D:6)
237 creatures vanquished.

Grand Total: 422 creatures vanquished

Notes
Turn   | Place    | Note
-------+----------+-------------------------------------------
     0 | D:1      | Spaninq the Draconian Fire Elementalist began the quest for
                  | the Orb.
     0 | D:1      | Reached XP level 1. HP: 14/14 MP: 3/3
   959 | D:2      | Reached XP level 2. HP: 20/20 MP: 3/5
  1257 | D:2      | Reached XP level 3. HP: 26/26 MP: 3/6
  1328 | D:2      | Found a faded altar of an unknown god.
  1524 | D:2      | Got the Papyrus of Dislocation and Snow
  2274 | D:3      | Reached skill level 4 in Fire Magic
  2274 | D:3      | Reached XP level 4. HP: 33/33 MP: 2/7
  2277 | D:3      | Learned a level 2 spell: Scorch
  3186 | D:3      | Reached XP level 5. HP: 36/38 MP: 5/9
  3679 | D:3      | Reached skill level 1 in Shields
  4041 | D:4      | Noticed a centaur
  4049 | D:4      | Killed a centaur
  4050 | D:4      | Reached XP level 6. HP: 35/45 MP: 2/10
  4117 | D:4      | Found Amemac's Armour Shoppe.
  4119 | D:4      | Bought a +1 pair of gloves of stealth for 165 gold pieces
  4713 | D:4      | Reached skill level 5 in Fire Magic
  4901 | D:5      | Entered Level 5 of the Dungeon
  5146 | D:5      | Found a glowing drain.
  5186 | Sewer    | Entered a sewer
  5313 | Sewer    | Your scales start taking on a rich purple colour.
  5313 | Sewer    | Reached XP level 7. HP: 50/50 MP: 2/13
  5424 | Sewer    | Found a white marble altar of Elyvilon.
  5857 | D:5      | Identified the +2 chain mail of Sin {SInv}
  6232 | D:6      | Reached skill level 5 in Conjurations
  6232 | D:6      | Reached skill level 6 in Fire Magic
  6235 | D:6      | Reached XP level 8. HP: 57/57 MP: 3/14
  6870 | D:6      | Noticed Duvessa
  6877 | D:6      | Noticed Dowan
  6884 | D:6      | Killed Duvessa
  6885 | D:6      | Reached skill level 5 in Spellcasting
  6885 | D:6      | Killed Dowan
  6960 | D:6      | Reached skill level 7 in Fire Magic
  7407 | D:6      | Found a staircase to the Ecumenical Temple.
  7433 | Temple   | Entered the Ecumenical Temple
  7630 | Temple   | Became a worshipper of Vehumet
  8016 | D:7      | Reached XP level 9. HP: 62/62 MP: 9/17
  8353 | D:7      | Learned a level 4 spell: Flame Wave
  8437 | D:7      | Identified the amulet "Doigu" {Reflect Fly rPois Int+2
                  | SH+5}
  8600 | D:7      | Reached skill level 1 in Evocations
  8705 | D:7      | Reached skill level 8 in Fire Magic
  8813 | D:7      | Reached skill level 1 in Fighting
  8923 | D:8      | Reached * piety under Vehumet
  8923 | D:8      | Offered knowledge of Shock by Vehumet.
  9532 | D:8      | Found Ucwueff's Assorted Antiques.
  9652 | D:8      | Reached skill level 9 in Fire Magic
  9652 | D:8      | Reached XP level 10. HP: 74/74 MP: 8/21
 10230 | D:8      | Offered knowledge of Static Discharge by Vehumet.
 10385 | D:9      | Reached ** piety under Vehumet
 10512 | D:9      | Noticed Harold
 10533 | D:9      | Noticed an elephant
 10616 | D:7      | Slain by Harold

Illustrated notes

Levels and vault maps discovered:
D:1:      scummos_arrival_hexagon, layout_basic
D:2:      layout_basic, chequers_ecumenical_altar_simple_redux
D:3:      layout_basic, hangedman_decor_slide_cut, minmay_fountain_box,
          corexii_corridor_pit, st_stairs_9, chequers_serial_rivers_micro_c
D:4:      layout_loops_cross, serial_shops, shop
D:5:      layout_rooms, gup_sewer_entry_bubbles
D:6:      layout_cave_pods, minmay_temple_entry_mist, minmay_lizard_king,
          uniq_duvessa
D:7:      layout_rooms
D:8:      layout_loops_cross, serial_shops, shop_fountains
D:9:      layout_layer_cave, general_overflow_altar, david_lair_generic,
          hangedman_ranch, uniq_prince_ribbit1, uniq_harold, uniq_joseph
Temple:   roderic_octagonal_lattice_temple

Skill      XL: |  1  2  3  4  5  6  7  8  9 10 |
---------------+-------------------------------+-----
Conjurations   | 2 3 4 5 6 8 |  8.7
Fire Magic     | 4 5 6 7 9 |  9.3
Shields        | 1 2 4 |  4.0
Spellcasting   | 3 4 5 7 8 |  8.0
Evocations     | 1 |  1.0
Dodging        | 2 |  2.0
Fighting       | 2 3 |  3.1
Stealth        | |  1.7

Action                   |  1- 3 |  4- 6 |  7- 9 | 10-12 || total
-------------------------+-------+-------+-------+-------++-------
Melee: Rapier            |    19 |     7 |       |       ||    26
       Tailslap          |     2 |     5 |     1 |       ||     8
       Short sword       |       |    40 |     8 |       ||    48
       Staff             |       |       |     8 |       ||     8
 Cast: Foxfire           |    62 |    25 |    51 |       ||   138
       Scorch            |       |    52 |    98 |    33 ||   183
       Flame Wave        |       |       |    12 |     2 ||    14
 Abil: Breathe Dispellin |       |       |     2 |     1 ||     3
  Use: Scroll            |       |     8 |     1 |     1 ||    10
       Potion            |       |       |     1 |     1 ||     2
Armor: Skin              |     9 |    33 |    25 |     3 ||    70
Dodge: Dodged            |    10 |    53 |    43 |     6 ||   112
Block: Buckler           |       |       |    25 |     8 ||    33

Table legend: (Time is in decaauts)
 A = Elapsed time spent in this place.
 B = Non-inter-level travel time spent in this place.
 C = Inter-level travel time spent in this place.
 D = Time resting spent in this place.
 E = Time spent auto-exploring this place.
 F = Levels seen in this place.
 G = Mean time per level.
                   A        B        C        D        E       F      G
               +--------+--------+--------+--------+--------+-----+--------+
         Total |  10685 |  10328 |    357 |   2191 |   5930 |  11 |  971.4 |
       Dungeon |  10039 |   9704 |    335 |   2055 |   5599 |   9 | 1115.4 |
        Temple |    326 |    304 |     22 |      0 |    278 |   1 |  326.0 |
         Sewer |    319 |    319 |      0 |    136 |     53 |   1 |  319.0 |
               +--------+--------+--------+--------+--------+-----+--------+

Top non-repeatable levels by time:
     D:3: 1712 daAuts
     D:6: 1427 daAuts
     D:7: 1390 daAuts
     D:8: 1310 daAuts
     D:2: 1305 daAuts
     D:4: 980 daAuts
     D:1: 925 daAuts
     D:5: 888 daAuts
  Temple: 326 daAuts
   Sewer: 319 daAuts
     D:9: 98 daAuts
